Croesus, chaotic female elven Ranger |.- |.|.. |.|.--- |.....| ----------|.---.--- |...%....%|.|.....| --|.%.%.....|.|@----- ...-)..[<...(-.|.V. ---|.^.......|----- |.........| ----------- e e Croesus the Lookout Experience level: 5 Strength: 16 Dexterity: 14 Constitution: 16 Intelligence: 13 Wisdom: 14 Charisma: 7 Health: 0(43) Energy: 36(36) Def: 14 Gold: 0 Moves: 10684 Dungeon seed: jo_AiuzXrzeROf5j Game ID: Croesus_1603964540 Your Inventory: Weapons d - an uncursed +0 silver dagger (weapon in hand) e - an uncursed +1 elven bow (alternate weapon; not wielded) f - an uncursed rusty +0 dagger of fire r - 22 uncursed poisoned +0 orcish arrows v - 2 uncursed +0 arrows H - 5 blessed rusty +0 arrows L - 59 blessed +2 elven arrows (in quiver) M - 39 uncursed +0 elven arrows N - 47 blessed +0 arrows Armor p - an uncursed +2 elven cloak (being worn) y - a blessed +1 orcish helm (being worn) z - an uncursed rusty +0 pair of iron shoes (being worn) B - a blessed +2 ring mail (being worn) O - an uncursed +0 alchemy smock Y - an uncursed +0 dwarvish roundshield (being worn) Comestibles G - 2 uncursed female lizard corpses Rings h - an uncursed ring of fire immunity (on left hand) Wands W - an uncursed wand of striking (0:1) Tools b - an uncursed sack k - an uncursed lock pick l - an uncursed magic lamp (lit) m - an uncursed fire horn (0:4) u - an uncursed +0 unicorn horn w - an uncursed tin whistle S - an uncursed mirror Gems n - an uncursed luckstone A - 2 uncursed worthless pieces of yellow glass Contents of the sack: 9 blessed +4 arrows 8 uncursed +0 darts a blessed poisoned +0 dart an uncursed +0 quarterstaff of lightning 2 uncursed eggs an uncursed food ration 3 uncursed lembas wafers an uncursed male lizard corpse an uncursed tripe ration an uncursed scroll of amnesia an uncursed scroll of teleportation an uncursed potion of gain ability 2 uncursed potions of object detection an uncursed potion of speed an uncursed wand of locking (0:5) an uncursed +0 unicorn horn an uncursed agate stone an uncursed amethyst stone an uncursed obsidian stone 3 uncursed worthless pieces of blue glass an uncursed worthless piece of green glass 2 uncursed worthless pieces of orange glass 2 uncursed worthless pieces of violet glass 2 uncursed worthless pieces of yellow glass 2 uncursed worthless pieces of yellowish brown glass 432 gold pieces Spells and supernatural/magical abilities: Name Level Category Cost Memory a - force bolt 1 attack 1000pw 89% x - extra healing 3 healing 3000pw 89% A - create familiar 3 clerical 3000pw 92% H - speed monster 3 escape 3000pw 100% W - pray for help -- divine ? -- Your skills at the end: Fighting Skills wands [Basic] Weapon Skills dagger [Skilled] bow [Skilled] Spellcasting Skills Final Attributes: You were piously aligned. You were immune to fire. You were cold resistant. You were immune to sleep. You were poison resistant. You saw invisible. You were telepathic. You had automatic searching. You had infravision. You were stealthy. You were lucky. You had extra luck. Bad luck did not time out for you. Good luck did not time out for you. You reconciled with your god 3106 turns ago. Mars was pleased with you. You are dead. Vanquished creatures: a baby blue dragon a vampire 2 large mimics a fire vortex a xorn 4 winter wolves a small mimic a steam vortex an ettin mummy a sasquatch a wood golem a gelatinous cube a pyrolisk a flaming sphere a tengu 2 elf mummies a human mummy 3 crocodiles 16 wolves 3 lynxes a panther 2 iron piercers a mumak 4 giant spiders a horse an ice vortex a black light 2 gnome kings an orc mummy a dwarf mummy a brown pudding a rust monster an owlbear 2 yetis 3 gold golems 2 werewolves 3 lizards 3 dingos a housecat 2 jaguars 2 dwarf lords 2 white unicorns 2 gnome mummies an ape a human zombie a soldier ant a bugbear 3 water nymphs a mountain nymph 5 Uruk-hai 2 rock moles 2 ponies 2 yellow lights a shrieker a violet fungus 16 gnome lords 4 gnomish wizards 2 kobold mummies 2 golden naga hatchlings a guardian naga hatchling a gray ooze an elf zombie a ghoul a paper golem a baby crocodile 4 giant ants 3 floating eyes 19 dwarves 7 hill orcs 3 rothes a centipede a giant bat 5 monkeys an orc zombie 2 dwarf zombies a wererat 2 iguanas 2 killer bees 2 acid blobs 2 coyotes a gas spore 4 hobbits 9 manes 3 large kobolds 2 hobgoblins a giant rat a yellow mold 3 green molds 63 gnomes 8 garter snakes 3 gnome zombies 5 geckos 5 jackals 3 foxes 4 goblins 5 grid bugs 4 bats 3 lichens 5 kobold zombies 3 newts 325 creatures vanquished. Voluntary challenges: You used a wielded weapon 364 times, starting on turn 21. You read items or engraved 50 times, starting on turn 1500. You never genocided any monsters. You never polymorphed an object. You never changed form. You used no wishes. You never split a pudding. You wrote Elbereth's name 15 times, starting on turn 2764. You never violated your personal moral code. Dungeon overview: The Dungeons of Doom: levels 1 to 4 Level 1 a fountain, a vault a long staircase Level 2 a vault Level 3 a delicatessen, an altar to Mercury, some fountains, a sink stairs to The Gnomish Mines Level 4 The Gnomish Mines: levels 4 to 12 Level 4 stairs to The Dungeons of Doom Level 5 Level 6 Level 7 many shops, a temple to Mars, some fountains, a sink Level 8 Level 9 Level 10 Level 11 Level 12 <- You were here History has recorded: On T:1 you entered the Dungeons of Doom to retrieve the Amulet of Yendor! On T:171 you reached level 2 of The Dungeons of Doom. On T:723 you reached level 3 of The Dungeons of Doom. On T:777 you reached level 1 of The Gnomish Mines. On T:958 you reached level 4 of The Dungeons of Doom. On T:1941 you reached level 2 of The Gnomish Mines. On T:2312 you reached level 3 of The Gnomish Mines. On T:2656 you reached level 4 of The Gnomish Mines. On T:2843 you advanced to experience level 2. On T:2911 you advanced to experience level 3. On T:2935 you advanced to experience level 4. On T:3056 you advanced to experience level 5. On T:3254 you advanced to experience level 6. On T:4389 you advanced to experience level 7. On T:5426 you reached level 5 of The Gnomish Mines. On T:5686 you reached level 6 of The Gnomish Mines. On T:6013 you advanced to experience level 8. On T:8098 you reached level 7 of The Gnomish Mines. On T:9111 you advanced to experience level 9. On T:9671 you reached level 8 of The Gnomish Mines. On T:9980 you reached level 9 of The Gnomish Mines. Score breakdown: Gold: 432 ( 8968 points) Experience: 5 levels (11141 points) Exploration: 12 levels ( 26.67%) (15000 points) Discoveries: 18 items ( 6.10%) ( 7410 points) Valuables value: (no points given unless you survive) Artifact value: 0 ( 0 points) Variety of kills: 100 monsters ( 26.32%) (15389 points) Turncount: 10684 turns (-2476 points) Survival: died (score multiplied by 80%) Total score: 44345 Latest messages: You hit the vampire! Your silver dagger sears the vampire's flesh! You hear some noises in the distance. The vampire hits! The vampire bites! The vampire hits! The vampire bites! Goodbye level 7. You feel noisy! You must have lost stealth. [2 turns] You miss the vampire. You hear some noises in the distance. The vampire misses. The vampire bites! Goodbye level 6. You miss the vampire. The vampire hits! The vampire bites! You miss the vampire. The vampire hits! The vampire misses. The vampire hits! You die... Final status: Goodbye Croesus the Ranger, killed by a vampire... You died in The Gnomish Mines on dungeon level 12 with 44345 points, and 432 pieces of gold, after 10684 moves. You were level 5 with a maximum of 43 hit points when you died.